Atomiques vs Demolitions
Created - 6 février 2017 at 19:10
Goals
|
| Atomiques |
2 |
0 |
2 |
4 |
| Demolitions |
1 |
0 |
2 |
3 |
|
Shots
|
| Atomiques |
10 |
7 |
14 |
31 |
| Demolitions |
16 |
6 |
12 |
34 |
|
1st period
1. Demolitions , Billy Sweat 9 (David Laliberté) at 14:54
2. Atomiques , Tyler Brenner 22 (Kenndal McArdle, Colby Cohen) at 15:27
3. Atomiques , Marc-André Cliche 15 (Andrew Kozek) at 16:04
Penalties :
Shawn Belle (STB) for Hooking (Minor) at 5:44, Dmitri Orlov (STB) for Tripping (Minor) at 12:46
2nd period
No Goal
Penalties :
Tyler Brenner (STB) for Roughing (Minor) at 6:13, Dwight King (STB) for Hooking (Minor) at 14:06
3rd period
4. Atomiques , Andrew Kozek 8 (Marc-André Cliche, Alex Berry) at 1:14
5. Demolitions , David Laliberté 11 (Taylor Aronson, Billy Sweat) at 2:47
6. Demolitions , Bobby Butler 18 (Ryan Vesce, Darren Helm) at 3:17
7. Atomiques , Ryan Shannon 31 (Dmitri Orlov, Kenndal McArdle) at 7:31
Penalties :
Nicolas Blanchard (Vic) for Tripping (Minor) at 8:10, Bobby Farnham (STB) for Hooking (Minor) at 12:56
Goalie Stats
Sergei Bobrovsky (STB), 31 saves from 34 shots - (0,912), W, 18-16-3, 60:00 minutes
Joe Cannata (Vic), 27 saves from 31 shots - (0,871), L, 1-2-0, 58:46 minutes
Players Stats for Atomiques
Player Name G A P +/- PIM S H SB GA TA FO MP PP MP PK MP
------------------------------------------------------------------------------------
Alex Berry 0 1 1 2 0 3 0 1 0 2 0/0 10:48 0:00 0:00
Andrew Kozek 1 1 2 2 0 3 0 0 0 0 0/0 13:12 0:00 1:52
Anthony Nigro 0 0 0 0 0 0 0 0 0 0 0/1 1:42 0:00 0:00
Bobby Farnham 0 0 0 0 2 0 0 0 0 0 0/0 6:29 0:00 0:00
Branko Radivojevic 0 0 0 -3 0 2 0 1 1 0 1/7 21:50 1:07 5:04
Brett Sutter 0 0 0 0 0 2 1 0 1 0 2/3 7:11 0:00 0:37
Colby Cohen 0 1 1 2 0 0 0 0 0 0 0/0 10:45 0:00 0:55
Darren Kramer 0 0 0 0 0 0 0 0 0 0 0/0 0:00 0:00 0:00
Davis Drewiske 0 0 0 0 0 2 1 1 0 0 0/0 25:56 1:02 6:08
Dmitri Orlov 0 1 1 1 2 1 0 1 0 0 0/0 10:39 0:00 0:25
Dwight King 0 0 0 -2 2 1 0 1 0 0 0/2 18:47 1:07 2:32
Eric Mestery 0 0 0 0 0 1 0 0 0 0 0/0 5:08 0:00 0:00
Freddie Hamilton 0 0 0 0 0 0 0 0 0 0 0/0 1:22 0:00 0:00
Fredrik Claesson 0 0 0 0 0 0 0 0 0 0 0/0 0:00 0:00 0:00
John McCarthy 0 0 0 0 0 1 0 0 0 0 0/0 6:03 0:00 0:00
Kenndal McArdle 0 2 2 2 0 0 1 0 0 0 0/0 14:29 0:52 0:00
Kyle Wharton 0 0 0 -1 0 1 0 1 0 0 0/0 19:06 0:57 3:47
Mac Bennett 0 0 0 0 0 0 0 0 0 0 0/0 5:08 0:00 0:00
Marc-André Cliche 1 1 2 2 0 3 0 0 0 0 6/6 10:48 0:00 0:00
Mikael Backlund 0 0 0 -3 0 1 0 0 0 0 12/28 21:50 1:07 5:04
Mitch Callahan 0 0 0 0 0 0 1 0 0 0 0/0 3:28 0:00 2:14
Roman Polak 0 0 0 -1 0 0 0 1 0 1 0/0 19:06 0:57 3:47
Ryan Shannon 1 0 1 2 0 6 1 0 0 0 0/0 14:29 0:52 0:00
Shawn Belle 0 0 0 0 2 0 1 3 0 5 0/0 24:20 1:02 4:48
Tyler Brenner 1 0 1 2 2 4 3 0 1 0 3/13 17:24 0:52 2:27
Players Stats for Demolitions
Player Name G A P +/- PIM S H SB GA TA FO MP PP MP PK MP
------------------------------------------------------------------------------------
Alex Hutchings 0 0 0 0 0 0 0 1 0 0 0/0 7:13 0:00 0:40
Andrew Campbell 0 0 0 1 0 0 0 1 0 0 0/0 12:14 0:00 0:00
Billy Sweat 1 1 2 1 0 4 2 0 1 0 1/1 13:16 0:09 0:00
Bobby Butler 1 0 1 0 0 7 1 0 1 0 2/3 25:53 5:38 0:58
Brendon Nash 0 0 0 0 0 3 3 0 2 0 0/0 27:31 5:04 1:09
Cameron Schilling 0 0 0 -2 0 1 0 1 1 1 0/0 20:15 4:51 0:50
Corban Knight 0 0 0 1 0 0 0 0 0 0 3/6 13:11 0:00 0:40
Darren Helm 0 1 1 0 0 3 1 0 0 1 20/27 21:02 5:38 0:21
David Laliberté 1 1 2 1 0 2 3 0 0 0 0/1 13:28 0:09 0:00
Doug Janik 0 0 0 0 0 1 2 0 1 0 0/0 24:19 5:04 1:09
Matt D'Agostini 0 0 0 -2 0 2 5 0 1 0 2/2 18:36 4:08 0:00
Nick Pryor 0 0 0 0 0 0 0 0 0 0 0/0 3:12 0:00 0:00
Nicolas Blanchard 0 0 0 -2 2 1 2 0 1 0 4/11 18:35 4:08 0:00
Nigel Dawes 0 0 0 -2 0 1 0 1 0 1 0/0 19:34 4:08 0:58
Nikolai Zherdev 0 0 0 0 0 0 0 0 0 0 0/0 0:18 0:09 0:00
Ryan Vesce 0 1 1 0 0 6 2 0 0 0 2/2 21:02 5:38 0:21
Seth Helgeson 0 0 0 -2 0 2 1 2 0 0 0/0 20:15 4:51 0:50
Taylor Aronson 0 1 1 1 0 1 0 1 0 0 0/0 12:14 0:00 0:00
Vince Rocco 0 0 0 0 0 0 0 0 0 0 2/7 5:52 0:00 0:00
3 Stars
1 - David Laliberté (Vic)
2 - Marc-André Cliche (STB)
3 - Andrew Kozek (STB)
Power Play
Atomiques - 0 on 1 Attempt(s) - 0,00%
Demolitions - 0 on 5 Attempt(s) - 0,00%
Penalty Kill
Atomiques - 5 on 5 Attempt(s) - 100,00%
- Score 0 goal in Penalty Kill
Demolitions - 1 on 1 Attempt(s) - 100,00%
- Score 0 goal in Penalty Kill
Team Stat
Atomiques - Hits : 9 - Faceoff Wins : 24 - Blocked Shots : 10 - Penalty Minutes : 10
Demolitions - Hits : 22 - Faceoff Wins : 36 - Blocked Shots : 7 - Penalty Minutes : 2
Official
Referees : VanMassenhoven Don and Banfield David
Linesman : Dan Schachte and Pierre Racicot
Game Notes
No Game Note
Finance
Level 1 -- Attendance: 1593 (79,65%) -- Ticket Income 55 755 $
Level 2 -- Attendance: 731 (73,10%) -- Ticket Income 10 965 $
Total Attendance: 2324 (77,47%)
Total Ticket Income: 66 720 $
Other Income: 3 336 $
Total Income: 70 056 $
Atomiques
5 vs 5 Forward
Center Left Wing Right Wing Time % Phy DF OF
1 Mikael Backlund Dwight King Branko Radivojevic 40 1 2 2
2 Tyler Brenner Kenndal McArdle Ryan Shannon 30 1 2 2
3 Marc-André Cliche Andrew Kozek Alex Berry 20 1 2 2
4 Brett Sutter John McCarthy Bobby Farnham 10 1 2 2
5 vs 5 Defense
Defense Defense Time % Phy DF OF
1 Shawn Belle Davis Drewiske 40 1 2 2
2 Kyle Wharton Roman Polak 30 1 2 2
3 Colby Cohen Dmitri Orlov 20 1 2 2
4 Eric Mestery Mac Bennett 10 1 2 2
PowerPlay Forward
Center Left Wing Right Wing Time % Phy DF OF
1 Mikael Backlund Dwight King Branko Radivojevic 60 1 2 2
2 Tyler Brenner Kenndal McArdle Ryan Shannon 40 1 2 2
PowerPlay Defense
Defense Defense Time % Phy DF OF
1 Shawn Belle Davis Drewiske 60 1 2 2
2 Kyle Wharton Roman Polak 40 1 2 2
Penalty Kill 4 Players Forward
Center Wing Time % Phy DF OF
1 Branko Radivojevic Mikael Backlund 60 1 2 2
2 Tyler Brenner Dwight King 40 1 2 2
Penalty Kill 4 Players Defense
Defense Defense Time % Phy DF OF
1 Shawn Belle Davis Drewiske 60 1 2 2
2 Kyle Wharton Roman Polak 40 1 2 2
Penalty Kill - 3 Players Forward
Forward Time % Phy DF OF
1 Branko Radivojevic 60 1 2 2
2 Mikael Backlund 40 1 2 2
Penalty Kill - 3 Players Defense
Defense Defense Time % Phy DF OF
1 Shawn Belle Davis Drewiske 60 1 2 2
2 Kyle Wharton Roman Polak 40 1 2 2
4 vs 4 Forward
Center Wing Time % Phy DF OF
1 Branko Radivojevic Mikael Backlund 60 1 2 2
2 Tyler Brenner Dwight King 40 1 2 2
4 vs 4 Defense
Defense Defense Time % Phy DF OF
1 Shawn Belle Davis Drewiske 60 1 2 2
2 Kyle Wharton Roman Polak 40 1 2 2
Last Minutes Offensive
Center Left Wing Right Wing Defense Defense
Mikael Backlund Dwight King Branko Radivojevic Shawn Belle Davis Drewiske
Last Minutes Defensive
Center Left Wing Right Wing Defense Defense
Mikael Backlund Dwight King Branko Radivojevic Shawn Belle Davis Drewiske
Goaltenders
Starting : Sergei Bobrovsky
Backup : Jeremy Smith
Extra Forwards
Normal : Anthony Nigro, Freddie Hamilton, Mitch Callahan - PP : Anthony Nigro, Freddie Hamilton - PK : Mitch Callahan
Extra Defensemen
Normal : Fredrik Claesson, Colby Cohen, Dmitri Orlov - PP : Fredrik Claesson - PK : Colby Cohen, Dmitri Orlov
Penalty Shots
Branko Radivojevic, Mikael Backlund, Tyler Brenner, Dwight King, Kenndal McArdle
Demolitions
5 vs 5 Forward
Center Left Wing Right Wing Time % Phy DF OF
1 Darren Helm Bobby Butler Ryan Vesce 40 1 2 2
2 Nicolas Blanchard Nigel Dawes Matt D'Agostini 30 1 2 2
3 Corban Knight Billy Sweat David Laliberté 20 1 2 2
4 Vince Rocco Alex Hutchings Bobby Butler 10 1 2 2
5 vs 5 Defense
Defense Defense Time % Phy DF OF
1 Brendon Nash Doug Janik 40 1 2 2
2 Cameron Schilling Seth Helgeson 30 1 2 2
3 Andrew Campbell Taylor Aronson 20 1 2 2
4 Nick Pryor Brendon Nash 10 1 2 2
PowerPlay Forward
Center Left Wing Right Wing Time % Phy DF OF
1 Darren Helm Bobby Butler Ryan Vesce 60 1 2 2
2 Nicolas Blanchard Nigel Dawes Matt D'Agostini 40 1 2 2
PowerPlay Defense
Defense Defense Time % Phy DF OF
1 Brendon Nash Doug Janik 60 1 2 2
2 Cameron Schilling Seth Helgeson 40 1 2 2
Penalty Kill 4 Players Forward
Center Wing Time % Phy DF OF
1 Bobby Butler Nigel Dawes 60 1 2 2
2 Ryan Vesce Darren Helm 40 1 2 2
Penalty Kill 4 Players Defense
Defense Defense Time % Phy DF OF
1 Brendon Nash Doug Janik 60 1 2 2
2 Cameron Schilling Seth Helgeson 40 1 2 2
Penalty Kill - 3 Players Forward
Forward Time % Phy DF OF
1 Bobby Butler 60 1 2 2
2 Nigel Dawes 40 1 2 2
Penalty Kill - 3 Players Defense
Defense Defense Time % Phy DF OF
1 Brendon Nash Doug Janik 60 1 2 2
2 Cameron Schilling Seth Helgeson 40 1 2 2
4 vs 4 Forward
Center Wing Time % Phy DF OF
1 Bobby Butler Nigel Dawes 60 1 2 2
2 Ryan Vesce Darren Helm 40 1 2 2
4 vs 4 Defense
Defense Defense Time % Phy DF OF
1 Brendon Nash Doug Janik 60 1 2 2
2 Cameron Schilling Seth Helgeson 40 1 2 2
Last Minutes Offensive
Center Left Wing Right Wing Defense Defense
Darren Helm Bobby Butler Ryan Vesce Brendon Nash Doug Janik
Last Minutes Defensive
Center Left Wing Right Wing Defense Defense
Darren Helm Bobby Butler Ryan Vesce Brendon Nash Doug Janik
Goaltenders
Starting : Joe Cannata
Backup : Jussi Rynnas
Extra Forwards
Normal : David Laliberté, Billy Sweat, Corban Knight - PP : David Laliberté, Billy Sweat - PK : Corban Knight
Extra Defensemen
Normal : Andrew Campbell, Taylor Aronson, Nick Pryor - PP : Andrew Campbell - PK : Taylor Aronson, Nick Pryor
Penalty Shots
Bobby Butler, Nigel Dawes, Ryan Vesce, Darren Helm, Matt D'Agostini
% Time on Ice - Atomiques
Lines # - Real PCT - Wanted PCT - Time Play
Normal Forward
1 - 35% - 40% - 16:28
2 - 29% - 30% - 13:38
3 - 23% - 20% - 10:48
4 - 13% - 10% - 6:03
Normal Defense
1 - 38% - 40% - 17:37
2 - 31% - 30% - 14:22
3 - 21% - 20% - 9:50
4 - 11% - 10% - 5:08
PP Forward
1 - 56% - 60% - 1:07
2 - 44% - 40% - 0:52
PP Defense
1 - 52% - 60% - 1:02
2 - 48% - 40% - 0:57
PK Forward
1 - 68% - 60% - 6:46
2 - 32% - 40% - 3:09
PK Defense
1 - 62% - 60% - 6:08
2 - 38% - 40% - 3:47
PK3 Forward
1 - 0% - 60%
2 - 0% - 40%
PK3 Defense
1 - 0% - 60%
2 - 0% - 40%
44 Forward
1 - 0% - 60%
2 - 0% - 40%
44 Defense
1 - 0% - 60%
2 - 0% - 40%
Last Minute Offensive - 0:00
Last Minute Defensive - 1:09
Total
Forward - 60:00
Defense - 60:00
|
% Time on Ice - Demolitions
Lines # - Real PCT - Wanted PCT - Time Play
Normal Forward
1 - 30% - 40% - 14:04
2 - 32% - 30% - 14:52
3 - 26% - 20% - 12:08
4 - 13% - 10% - 5:52
Normal Defense
1 - 38% - 40% - 17:50
2 - 31% - 30% - 14:34
3 - 24% - 20% - 11:20
4 - 7% - 10% - 3:12
PP Forward
1 - 58% - 60% - 5:47
2 - 42% - 40% - 4:08
PP Defense
1 - 51% - 60% - 5:04
2 - 49% - 40% - 4:51
PK Forward
1 - 82% - 60% - 1:38
2 - 18% - 40% - 0:21
PK Defense
1 - 58% - 60% - 1:09
2 - 42% - 40% - 0:50
PK3 Forward
1 - 0% - 60%
2 - 0% - 40%
PK3 Defense
1 - 0% - 60%
2 - 0% - 40%
44 Forward
1 - 0% - 60%
2 - 0% - 40%
44 Defense
1 - 0% - 60%
2 - 0% - 40%
Last Minute Offensive - 1:10
Last Minute Defensive - 0:00
Total
Forward - 60:00
Defense - 60:00
|
Play by Play
1st period
0:01 of 1st period - Darren Helm wins face-off versus Mikael Backlund in neutral zone.
1:08 of 1st period - Snap shot by Ryan Vesce.
1:08 of 1st period - Stopped by Sergei Bobrovsky with a rebound.
1:10 of 1st period - Slapshot by Cameron Schilling.
1:10 of 1st period - Shot Blocked by Kyle Wharton.
1:12 of 1st period - Slapshot by Seth Helgeson.
1:12 of 1st period - Stopped by Sergei Bobrovsky without a rebound.
1:13 of 1st period - Darren Helm wins face-off versus Brett Sutter in Atomiques zone.
1:20 of 1st period - Snap shot by Bobby Butler.
1:20 of 1st period - Shot Misses the Net.
1:43 of 1st period - Snap shot by Matt D'Agostini.
1:43 of 1st period - Stopped by Sergei Bobrovsky with a rebound.
1:45 of 1st period - Wrist shot by Matt D'Agostini.
1:45 of 1st period - Shot Misses the Net.
1:47 of 1st period - Backhand shot by Andrew Campbell.
1:47 of 1st period - Shot Misses the Net.
1:49 of 1st period - Wrist shot by Matt D'Agostini.
1:49 of 1st period - Deflect By Nicolas Blanchard.
1:49 of 1st period - Stopped by Sergei Bobrovsky with a rebound.
2:05 of 1st period - Snap shot by Billy Sweat.
2:05 of 1st period - Stopped by Sergei Bobrovsky without a rebound.
2:06 of 1st period - Vince Rocco wins face-off versus Tyler Brenner in Atomiques zone.
2:09 of 1st period - Snap shot by Bobby Butler.
2:09 of 1st period - Shot Blocked by Shawn Belle.
2:14 of 1st period - Off-side.
2:15 of 1st period - Mikael Backlund wins face-off versus Vince Rocco in neutral zone.
3:17 of 1st period - Icing by David Laliberté.
3:18 of 1st period - Brett Sutter wins face-off versus Darren Helm in Demolitions zone.
3:25 of 1st period - Wrist shot by John McCarthy.
3:25 of 1st period - Shot Blocked by Seth Helgeson.
3:27 of 1st period - Wrist shot by Colby Cohen.
3:27 of 1st period - Deflect By Brett Sutter.
3:27 of 1st period - Shot Misses the Net.
3:27 of 1st period - Puck is out of play.
3:28 of 1st period - Darren Helm wins face-off versus Dwight King in Demolitions zone.
3:39 of 1st period - Snap shot by Bobby Butler.
3:39 of 1st period - Stopped by Sergei Bobrovsky without a rebound.
3:40 of 1st period - Darren Helm wins face-off versus Mikael Backlund in Atomiques zone.
3:49 of 1st period - Roman Polak is hit by Darren Helm and loses puck.
4:35 of 1st period - Wrist shot by Billy Sweat.
4:35 of 1st period - Stopped by Sergei Bobrovsky without a rebound.
4:36 of 1st period - Ryan Vesce wins face-off versus Mikael Backlund in Atomiques zone.
4:43 of 1st period - Wrist shot by Bobby Butler.
4:43 of 1st period - Shot Misses the Net.
4:45 of 1st period - Snap shot by Darren Helm.
4:45 of 1st period - Stopped by Sergei Bobrovsky with a rebound.
4:47 of 1st period - Snap shot by Darren Helm.
4:47 of 1st period - Shot Misses the Net.
4:49 of 1st period - Snap shot by Brendon Nash.
4:49 of 1st period - Stopped by Sergei Bobrovsky with a rebound.
4:51 of 1st period - Snap shot by Darren Helm.
4:51 of 1st period - Stopped by Sergei Bobrovsky without a rebound.
4:52 of 1st period - Matt D'Agostini wins face-off versus Tyler Brenner in Atomiques zone.
5:42 of 1st period - Backhand shot by Corban Knight.
5:42 of 1st period - Shot Misses the Net.
5:44 of 1st period - Minor Penalty to Shawn Belle for Hooking.
5:45 of 1st period - Branko Radivojevic wins face-off versus Darren Helm in Atomiques zone.
6:10 of 1st period - Colby Cohen is hit by Nicolas Blanchard and loses puck.
6:15 of 1st period - Snap shot by Matt D'Agostini.
6:15 of 1st period - Shot Misses the Net.
6:31 of 1st period - Mikael Backlund is hit by Ryan Vesce and loses puck.
6:46 of 1st period - Wrist shot by Dwight King.
6:46 of 1st period - Shot Misses the Net.
7:44 of 1st period - Penalty to Shawn Belle is over, Shawn Belle is back on ice.
8:11 of 1st period - Doug Janik is hit by Tyler Brenner and loses puck.
8:36 of 1st period - Wrist shot by Ryan Shannon.
8:36 of 1st period - Stopped by Joe Cannata without a rebound.
8:37 of 1st period - Nicolas Blanchard wins face-off versus Mikael Backlund in Demolitions zone.
9:14 of 1st period - Wrist shot by Alex Berry.
9:14 of 1st period - Stopped by Joe Cannata without a rebound.
9:15 of 1st period - Marc-André Cliche wins face-off versus Nicolas Blanchard in Demolitions zone.
9:18 of 1st period - Wrist shot by Alex Berry.
9:18 of 1st period - Stopped by Joe Cannata with a rebound.
10:02 of 1st period - Dwight King is hit by Brendon Nash and loses puck.
10:11 of 1st period - Snap shot by Ryan Vesce.
10:11 of 1st period - Stopped by Sergei Bobrovsky without a rebound.
10:12 of 1st period - Darren Helm wins face-off versus Tyler Brenner in Atomiques zone.
10:25 of 1st period - Wrist shot by Bobby Butler.
10:25 of 1st period - Stopped by Sergei Bobrovsky with a rebound.
10:27 of 1st period - Snap shot by Cameron Schilling.
10:27 of 1st period - Deflect By Roman Polak.
10:27 of 1st period - Stopped by Sergei Bobrovsky with a rebound.
11:00 of 1st period - Slapshot by Marc-André Cliche.
11:00 of 1st period - Shot Misses the Net.
11:02 of 1st period - Wrist shot by Andrew Kozek.
11:02 of 1st period - Deflect By Marc-André Cliche.
11:02 of 1st period - Stopped by Joe Cannata with a rebound.
11:24 of 1st period - Kyle Wharton is hit by Bobby Butler and loses puck.
12:26 of 1st period - Slapshot by David Laliberté.
12:26 of 1st period - Shot Blocked by Dmitri Orlov.
12:28 of 1st period - Backhand shot by David Laliberté.
12:28 of 1st period - Stopped by Sergei Bobrovsky without a rebound.
12:29 of 1st period - Corban Knight wins face-off versus Tyler Brenner in Atomiques zone.
12:46 of 1st period - Minor Penalty to Dmitri Orlov for Tripping.
12:47 of 1st period - Darren Helm wins face-off versus Branko Radivojevic in Atomiques zone.
12:50 of 1st period - Snap shot by Bobby Butler.
12:50 of 1st period - Deflect By Ryan Vesce.
12:50 of 1st period - Shot Blocked by Branko Radivojevic.
12:50 of 1st period - Puck is out of play.
12:51 of 1st period - Darren Helm wins face-off versus Branko Radivojevic in Atomiques zone.
14:37 of 1st period - Davis Drewiske is hit by Brendon Nash and loses puck.
14:46 of 1st period - Penalty to Dmitri Orlov is over, Dmitri Orlov is back on ice.
14:54 of 1st period - Slapshot by Billy Sweat.
14:54 of 1st period - Goal by Billy Sweat - Atomiques : 0 - Demolitions : 1.
14:55 of 1st period - Tyler Brenner wins face-off versus Nicolas Blanchard in neutral zone.
14:58 of 1st period - Nicolas Blanchard is hit by Kenndal McArdle and loses puck.
15:03 of 1st period - Slapshot by Ryan Shannon.
15:03 of 1st period - Stopped by Joe Cannata without a rebound.
15:04 of 1st period - Tyler Brenner wins face-off versus Nicolas Blanchard in Demolitions zone.
15:11 of 1st period - Snap shot by Ryan Shannon.
15:11 of 1st period - Shot Misses the Net.
15:15 of 1st period - Wrist shot by Tyler Brenner.
15:15 of 1st period - Stopped by Joe Cannata with a rebound.
15:21 of 1st period - Wrist shot by Tyler Brenner.
15:21 of 1st period - Shot Blocked by Nigel Dawes.
15:23 of 1st period - Slapshot by Colby Cohen.
15:23 of 1st period - Shot Blocked by Seth Helgeson.
15:25 of 1st period - Slapshot by Kenndal McArdle.
15:25 of 1st period - Shot Misses the Net.
15:27 of 1st period - Snap shot by Tyler Brenner.
15:27 of 1st period - Goal by Tyler Brenner - Atomiques : 1 - Demolitions : 1.
15:28 of 1st period - Darren Helm wins face-off versus Mikael Backlund in neutral zone.
16:04 of 1st period - Snap shot by Marc-André Cliche.
16:04 of 1st period - Goal by Marc-André Cliche - Atomiques : 2 - Demolitions : 1.
16:05 of 1st period - Darren Helm wins face-off versus Mikael Backlund in neutral zone.
16:18 of 1st period - Snap shot by Bobby Butler.
16:18 of 1st period - Stopped by Sergei Bobrovsky with a rebound.
16:58 of 1st period - Slapshot by Marc-André Cliche.
16:58 of 1st period - Shot Misses the Net.
17:00 of 1st period - Snap shot by Marc-André Cliche.
17:00 of 1st period - Shot Misses the Net.
17:21 of 1st period - Snap shot by Darren Helm.
17:21 of 1st period - Shot Misses the Net.
17:47 of 1st period - Snap shot by Tyler Brenner.
17:47 of 1st period - Stopped by Joe Cannata with a rebound.
17:49 of 1st period - Slapshot by Ryan Shannon.
17:49 of 1st period - Shot Blocked by Alex Hutchings.
17:51 of 1st period - Snap shot by Tyler Brenner.
17:51 of 1st period - Shot Hit the Post.
18:20 of 1st period - Icing by Marc-André Cliche.
18:21 of 1st period - Mikael Backlund wins face-off versus Nicolas Blanchard in Atomiques zone.
19:02 of 1st period - Icing by Davis Drewiske.
19:03 of 1st period - Tyler Brenner wins face-off versus Corban Knight in Atomiques zone.
19:32 of 1st period - Snap shot by Marc-André Cliche.
19:32 of 1st period - Stopped by Joe Cannata without a rebound.
19:33 of 1st period - Marc-André Cliche wins face-off versus Darren Helm in Demolitions zone.
19:40 of 1st period - Kyle Wharton is hit by Brendon Nash.
Goals for this period are 2 for Atomiques vs 1 for Demolitions.
Shots for this period are 10 for Atomiques vs 16 for Demolitions.
2nd period
0:01 of 2nd period - Mikael Backlund wins face-off versus Darren Helm in neutral zone.
0:16 of 2nd period - Wrist shot by Branko Radivojevic.
0:16 of 2nd period - Stopped by Joe Cannata with a rebound.
0:26 of 2nd period - Tyler Brenner is hit by Matt D'Agostini and loses puck.
1:06 of 2nd period - Snap shot by Andrew Kozek.
1:06 of 2nd period - Stopped by Joe Cannata with a rebound.
1:08 of 2nd period - Backhand shot by Eric Mestery.
1:08 of 2nd period - Deflect By Bobby Butler.
1:08 of 2nd period - Stopped by Joe Cannata without a rebound.
1:09 of 2nd period - Marc-André Cliche wins face-off versus Vince Rocco in Demolitions zone.
1:17 of 2nd period - Icing by Seth Helgeson.
1:18 of 2nd period - Vince Rocco wins face-off versus Mikael Backlund in Demolitions zone.
2:34 of 2nd period - Slapshot by Ryan Vesce.
2:34 of 2nd period - Stopped by Sergei Bobrovsky with a rebound.
2:49 of 2nd period - Icing by Nicolas Blanchard.
2:50 of 2nd period - Nicolas Blanchard wins face-off versus Mikael Backlund in Demolitions zone.
3:43 of 2nd period - Slapshot by Marc-André Cliche.
3:43 of 2nd period - Shot Misses the Net.
3:57 of 2nd period - Backhand shot by Davis Drewiske.
3:57 of 2nd period - Stopped by Joe Cannata without a rebound.
3:58 of 2nd period - Mikael Backlund wins face-off versus Vince Rocco in Demolitions zone.
4:07 of 2nd period - Branko Radivojevic is hit by Seth Helgeson and loses puck.
4:22 of 2nd period - Ryan Shannon is hit by Matt D'Agostini and loses puck.
4:45 of 2nd period - Snap shot by David Laliberté.
4:45 of 2nd period - Shot Misses the Net.
4:47 of 2nd period - Snap shot by Taylor Aronson.
4:47 of 2nd period - Stopped by Sergei Bobrovsky without a rebound.
4:48 of 2nd period - Mikael Backlund wins face-off versus David Laliberté in Atomiques zone.
5:38 of 2nd period - Wrist shot by Nigel Dawes.
5:38 of 2nd period - Stopped by Sergei Bobrovsky with a rebound.
5:40 of 2nd period - Wrist shot by Matt D'Agostini.
5:40 of 2nd period - Shot Misses the Net.
5:42 of 2nd period - Wrist shot by Seth Helgeson.
5:42 of 2nd period - Deflect By Andrew Kozek.
5:42 of 2nd period - Stopped by Sergei Bobrovsky without a rebound.
5:43 of 2nd period - Mikael Backlund wins face-off versus Nicolas Blanchard in Atomiques zone.
5:43 of 2nd period - Mikael Backlund is hit by Matt D'Agostini.
6:13 of 2nd period - Minor Penalty to Tyler Brenner for Roughing.
6:14 of 2nd period - Darren Helm wins face-off versus Branko Radivojevic in Atomiques zone.
8:13 of 2nd period - Penalty to Tyler Brenner is over, Tyler Brenner is back on ice.
8:42 of 2nd period - Billy Sweat is hit by Tyler Brenner.
9:36 of 2nd period - Corban Knight is hit by Shawn Belle and loses puck.
12:20 of 2nd period - Darren Helm is hit by Brett Sutter and loses puck.
12:42 of 2nd period - Icing by Davis Drewiske.
12:43 of 2nd period - Marc-André Cliche wins face-off versus Corban Knight in Atomiques zone.
13:53 of 2nd period - Wrist shot by Matt D'Agostini.
13:53 of 2nd period - Shot Misses the Net.
13:55 of 2nd period - Slapshot by Cameron Schilling.
13:55 of 2nd period - Shot Misses the Net.
13:57 of 2nd period - Slapshot by Seth Helgeson.
13:57 of 2nd period - Shot Blocked by Alex Berry.
13:59 of 2nd period - Snap shot by Matt D'Agostini.
13:59 of 2nd period - Stopped by Sergei Bobrovsky without a rebound.
14:00 of 2nd period - Mikael Backlund wins face-off versus Darren Helm in Atomiques zone.
14:06 of 2nd period - Minor Penalty to Dwight King for Hooking.
14:07 of 2nd period - Bobby Butler wins face-off versus Branko Radivojevic in Atomiques zone.
14:13 of 2nd period - Slapshot by Ryan Vesce.
14:13 of 2nd period - Shot Blocked by Shawn Belle.
14:17 of 2nd period - Wrist shot by Ryan Vesce.
14:17 of 2nd period - Stopped by Sergei Bobrovsky without a rebound.
14:18 of 2nd period - Darren Helm wins face-off versus Branko Radivojevic in Atomiques zone.
16:06 of 2nd period - Penalty to Dwight King is over, Dwight King is back on ice.
16:29 of 2nd period - Bobby Farnham is hit by Doug Janik and loses puck.
16:41 of 2nd period - Off-side.
16:42 of 2nd period - Nicolas Blanchard wins face-off versus Tyler Brenner in neutral zone.
17:07 of 2nd period - Wrist shot by Billy Sweat.
17:07 of 2nd period - Shot Blocked by Dwight King.
17:36 of 2nd period - Icing by Cameron Schilling.
17:37 of 2nd period - Mikael Backlund wins face-off versus Vince Rocco in Demolitions zone.
17:43 of 2nd period - Icing by Cameron Schilling.
17:44 of 2nd period - Mikael Backlund wins face-off versus Vince Rocco in Demolitions zone.
17:45 of 2nd period - Slapshot by Branko Radivojevic.
17:45 of 2nd period - Stopped by Joe Cannata with a rebound.
18:18 of 2nd period - Snap shot by Ryan Shannon.
18:18 of 2nd period - Stopped by Joe Cannata with a rebound.
18:20 of 2nd period - Wrist shot by Tyler Brenner.
18:20 of 2nd period - Stopped by Joe Cannata without a rebound.
18:21 of 2nd period - Corban Knight wins face-off versus Mikael Backlund in Demolitions zone.
18:48 of 2nd period - Kyle Wharton is hit by Doug Janik and loses puck.
18:57 of 2nd period - Wrist shot by Ryan Vesce.
18:57 of 2nd period - Shot Blocked by Roman Polak.
19:47 of 2nd period - Mikael Backlund is hit by David Laliberté and loses puck.
Goals for this period are 0 for Atomiques vs 0 for Demolitions.
Shots for this period are 7 for Atomiques vs 6 for Demolitions.
3rd period
0:01 of 3rd period - Darren Helm wins face-off versus Mikael Backlund in neutral zone.
0:10 of 3rd period - Snap shot by Bobby Butler.
0:10 of 3rd period - Stopped by Sergei Bobrovsky with a rebound.
0:12 of 3rd period - Slapshot by Doug Janik.
0:12 of 3rd period - Stopped by Sergei Bobrovsky without a rebound.
0:13 of 3rd period - Mikael Backlund wins face-off versus Darren Helm in Atomiques zone.
0:19 of 3rd period - Snap shot by Ryan Vesce.
0:19 of 3rd period - Shot Misses the Net.
0:21 of 3rd period - Snap shot by Ryan Vesce.
0:21 of 3rd period - Deflect By Shawn Belle.
0:21 of 3rd period - Stopped by Sergei Bobrovsky without a rebound.
0:22 of 3rd period - Darren Helm wins face-off versus Mikael Backlund in Atomiques zone.
0:31 of 3rd period - Backhand shot by Brendon Nash.
0:31 of 3rd period - Stopped by Sergei Bobrovsky with a rebound.
0:35 of 3rd period - Snap shot by Ryan Vesce.
0:35 of 3rd period - Shot Blocked by Shawn Belle.
0:37 of 3rd period - Wrist shot by Darren Helm.
0:37 of 3rd period - Deflect By Bobby Butler.
0:37 of 3rd period - Stopped by Sergei Bobrovsky without a rebound.
0:38 of 3rd period - Nicolas Blanchard wins face-off versus Tyler Brenner in Atomiques zone.
0:45 of 3rd period - Davis Drewiske is hit by Nicolas Blanchard and loses puck.
1:14 of 3rd period - Slapshot by Andrew Kozek.
1:14 of 3rd period - Goal by Andrew Kozek - Atomiques : 3 - Demolitions : 1.
1:15 of 3rd period - Bobby Butler wins face-off versus Dwight King in neutral zone.
1:21 of 3rd period - Wrist shot by Ryan Vesce.
1:21 of 3rd period - Stopped by Sergei Bobrovsky without a rebound.
1:22 of 3rd period - Darren Helm wins face-off versus Mikael Backlund in Atomiques zone.
1:59 of 3rd period - Wrist shot by Ryan Shannon.
1:59 of 3rd period - Stopped by Joe Cannata with a rebound.
2:01 of 3rd period - Wrist shot by Ryan Shannon.
2:01 of 3rd period - Shot Misses the Net.
2:15 of 3rd period - Snap shot by Alex Berry.
2:15 of 3rd period - Stopped by Joe Cannata without a rebound.
2:16 of 3rd period - Corban Knight wins face-off versus Mikael Backlund in Demolitions zone.
2:27 of 3rd period - Slapshot by David Laliberté.
2:27 of 3rd period - Shot Misses the Net.
2:45 of 3rd period - Wrist shot by Billy Sweat.
2:45 of 3rd period - Stopped by Sergei Bobrovsky with a rebound.
2:47 of 3rd period - Snap shot by Taylor Aronson.
2:47 of 3rd period - Deflect By David Laliberté.
2:47 of 3rd period - Goal by David Laliberté - Atomiques : 3 - Demolitions : 2.
2:48 of 3rd period - Darren Helm wins face-off versus Tyler Brenner in neutral zone.
3:01 of 3rd period - Wrist shot by Darren Helm.
3:01 of 3rd period - Stopped by Sergei Bobrovsky without a rebound.
3:02 of 3rd period - Darren Helm wins face-off versus Mikael Backlund in Atomiques zone.
3:17 of 3rd period - Wrist shot by Bobby Butler.
3:17 of 3rd period - Goal by Bobby Butler - Atomiques : 3 - Demolitions : 3.
3:18 of 3rd period - Darren Helm wins face-off versus Mikael Backlund in neutral zone.
3:25 of 3rd period - Snap shot by Darren Helm.
3:25 of 3rd period - Shot Hit the Post.
3:57 of 3rd period - Snap shot by Tyler Brenner.
3:57 of 3rd period - Shot Misses the Net.
4:17 of 3rd period - Wrist shot by Marc-André Cliche.
4:17 of 3rd period - Shot Blocked by Taylor Aronson.
4:31 of 3rd period - Slapshot by Brett Sutter.
4:31 of 3rd period - Stopped by Joe Cannata with a rebound.
4:33 of 3rd period - Slapshot by Brett Sutter.
4:33 of 3rd period - Stopped by Joe Cannata without a rebound.
4:34 of 3rd period - Brett Sutter wins face-off versus Nicolas Blanchard in Demolitions zone.
4:40 of 3rd period - Icing by Brendon Nash.
4:41 of 3rd period - Mikael Backlund wins face-off versus Nicolas Blanchard in Demolitions zone.
5:12 of 3rd period - Slapshot by Ryan Shannon.
5:12 of 3rd period - Shot Misses the Net.
5:14 of 3rd period - Snap shot by Ryan Shannon.
5:14 of 3rd period - Stopped by Joe Cannata without a rebound.
5:15 of 3rd period - Ryan Vesce wins face-off versus Tyler Brenner in Demolitions zone.
5:15 of 3rd period - Ryan Vesce is hit by Ryan Shannon.
5:28 of 3rd period - Cameron Schilling is hit by Davis Drewiske and loses puck.
5:49 of 3rd period - Snap shot by Mikael Backlund.
5:49 of 3rd period - Stopped by Joe Cannata with a rebound.
5:51 of 3rd period - Wrist shot by Mikael Backlund.
5:51 of 3rd period - Shot Misses the Net.
5:55 of 3rd period - Wrist shot by Dwight King.
5:55 of 3rd period - Stopped by Joe Cannata with a rebound.
7:15 of 3rd period - Snap shot by Ryan Shannon.
7:15 of 3rd period - Shot Misses the Net.
7:17 of 3rd period - Slapshot by Colby Cohen.
7:17 of 3rd period - Shot Blocked by Andrew Campbell.
7:25 of 3rd period - Snap shot by Kenndal McArdle.
7:25 of 3rd period - Shot Misses the Net.
7:31 of 3rd period - Wrist shot by Ryan Shannon.
7:31 of 3rd period - Goal by Ryan Shannon - Atomiques : 4 - Demolitions : 3.
7:32 of 3rd period - Darren Helm wins face-off versus Mikael Backlund in neutral zone.
7:59 of 3rd period - Alex Berry is hit by Matt D'Agostini and loses puck.
8:08 of 3rd period - Slapshot by Kyle Wharton.
8:08 of 3rd period - Stopped by Joe Cannata with a rebound.
8:10 of 3rd period - Minor Penalty to Nicolas Blanchard for Tripping.
8:11 of 3rd period - Mikael Backlund wins face-off versus Bobby Butler in Demolitions zone.
10:10 of 3rd period - Penalty to Nicolas Blanchard is over, Nicolas Blanchard is back on ice.
10:49 of 3rd period - Kyle Wharton is hit by David Laliberté and loses puck.
12:24 of 3rd period - Alex Berry is hit by Billy Sweat and loses puck.
12:45 of 3rd period - Davis Drewiske is hit by Ryan Vesce and loses puck.
12:56 of 3rd period - Minor Penalty to Bobby Farnham for Hooking.
12:57 of 3rd period - Darren Helm wins face-off versus Branko Radivojevic in Atomiques zone.
13:58 of 3rd period - Icing by Nigel Dawes.
13:59 of 3rd period - Matt D'Agostini wins face-off versus Tyler Brenner in Demolitions zone.
14:56 of 3rd period - Penalty to Bobby Farnham is over, Bobby Farnham is back on ice.
15:09 of 3rd period - Branko Radivojevic is hit by David Laliberté and loses puck.
15:46 of 3rd period - Andrew Campbell is hit by Tyler Brenner and loses puck.
16:27 of 3rd period - Slapshot by Dmitri Orlov.
16:27 of 3rd period - Stopped by Joe Cannata with a rebound.
16:29 of 3rd period - Snap shot by Brett Sutter.
16:29 of 3rd period - Deflect By John McCarthy.
16:29 of 3rd period - Stopped by Joe Cannata with a rebound.
17:02 of 3rd period - Off-side.
17:03 of 3rd period - Billy Sweat wins face-off versus Tyler Brenner in neutral zone.
17:10 of 3rd period - Snap shot by Alex Berry.
17:10 of 3rd period - Shot Misses the Net.
17:12 of 3rd period - Slapshot by Davis Drewiske.
17:12 of 3rd period - Shot Misses the Net.
17:14 of 3rd period - Snap shot by Alex Berry.
17:14 of 3rd period - Shot Misses the Net.
17:16 of 3rd period - Slapshot by Davis Drewiske.
17:16 of 3rd period - Stopped by Joe Cannata without a rebound.
17:17 of 3rd period - Marc-André Cliche wins face-off versus Darren Helm in Demolitions zone.
17:51 of 3rd period - Snap shot by Brendon Nash.
17:51 of 3rd period - Stopped by Sergei Bobrovsky without a rebound.
17:52 of 3rd period - Marc-André Cliche wins face-off versus Corban Knight in Atomiques zone.
17:52 of 3rd period - Marc-André Cliche is hit by Billy Sweat.
18:02 of 3rd period - Snap shot by Marc-André Cliche.
18:02 of 3rd period - Shot Misses the Net.
18:04 of 3rd period - Wrist shot by Andrew Kozek.
18:04 of 3rd period - Stopped by Joe Cannata with a rebound.
18:06 of 3rd period - Slapshot by Kyle Wharton.
18:06 of 3rd period - Shot Misses the Net.
18:08 of 3rd period - Wrist shot by Marc-André Cliche.
18:08 of 3rd period - Shot Blocked by Cameron Schilling.
18:18 of 3rd period - Roman Polak is hit by Matt D'Agostini and loses puck.
18:46 of 3rd period - Demolitions, Joe Cannata is pulled from the net.
19:22 of 3rd period - Darren Helm is hit by Mitch Callahan and loses puck.
19:33 of 3rd period - Slapshot by Darren Helm.
19:33 of 3rd period - Shot Blocked by Davis Drewiske.
19:35 of 3rd period - Slapshot by Andrew Campbell.
19:35 of 3rd period - Shot Misses the Net.
19:37 of 3rd period - Slapshot by Andrew Campbell.
19:37 of 3rd period - Shot Misses the Net.
19:39 of 3rd period - Slapshot by Darren Helm.
19:39 of 3rd period - Shot Misses the Net.
19:43 of 3rd period - Wrist shot by Bobby Butler.
19:43 of 3rd period - Stopped by Sergei Bobrovsky without a rebound.
19:44 of 3rd period - Adams Oates call a timeout for Demolitions.
19:44 of 3rd period - Darren Helm wins face-off versus Anthony Nigro in Atomiques zone.
Goals for this period are 2 for Atomiques vs 2 for Demolitions.
Shots for this period are 14 for Atomiques vs 12 for Demolitions.
Back to the Top